Map: Dusk Towers

Players

Mamba - Winner!

  • Race: Zerg Zerg
  • League: Grandmaster

Miszu

  • Race: Terran Terran
  • League: Master

VOD

Have the link to the VOD?

Description

Time

  • Played on: May 2, 2016, 4:05 p.m.
  • Length: 16:55
Show
View Real Time Build Order
Export as new Build Order

Mamba Zerg - Winner!

Build Orders: Hatch First, Muta Ling Bane 

Get SALT Encoding   

  12  0:00  Drone  
  13  0:12  Overlord  
  13  0:17  Drone  
  14  0:30  Drone x2  
  14  0:34  Drone  
  17  0:53  Hatchery  
  17  0:55  Drone  
  17  0:58  Drone  
  18  1:09  Extractor  
  17  1:12  Spawning Pool  
  17  1:15  Drone  
  17  1:19  Drone  
  18  1:29  Drone  
  19  1:39  Overlord  
  19  1:59  Queen  
  19  2:01  Zergling x4  
  22  2:04  Queen  
  22  2:05  Drone  
  26  2:10  Metabolic Boost  
  26  2:12  Drone  
  27  2:18  Drone  
  27  2:21  Drone  
  29  2:27  Drone  
  30  2:33  Drone  
  30  2:35  Queen  
  33  2:39  Drone  
  34  2:48  Pneumatized Carapace  
  34  2:49  Overlord  
  34  2:51  Drone  
  34  2:53  Drone  
  36  3:00  Overlord  
  36  3:08  Drone x4  
  36  3:10  Drone  
  41  3:14  Drone x3  
  41  3:19  Overlord  
  44  3:24  Drone  
  45  3:32  Evolution Chamber  
  45  3:33  Evolution Chamber  
  43  3:37  Drone  
  43  3:40  Drone  
  45  3:44  Overlord  
  45  3:47  Drone x4  
  45  3:48  Drone x2  
  51  3:54  Hatchery  
  50  3:57  Extractor  
  50  3:58  Drone x2  
  50  3:59  Extractor  
  50  4:06  Lair  
  50  4:08  Spore Crawler  
  49  4:11  Spore Crawler  
  49  4:12  Zerg Melee Weapons Level 1  
  48  4:18  Zergling x4  
  48  4:21  Zergling x6  
  48  4:22  Zergling x2  
  54  4:26  Drone  
  54  4:29  Overlord  
  56  4:31  Zergling x4  
  56  4:34  Queen  
  59  4:38  Drone  
  59  4:40  Overlord  
  60  4:45  Zerg Ground Armor Level 1  
  59  4:54  Drone x3  
  59  4:55  Drone x2  
  59  4:58  Drone  
  65  5:02  Drone x4  
  65  5:04  Overseer  
  67  5:08  Drone x2  
  67  5:12  Drone  
  70  5:14  Queen  
  70  5:20  Drone  
  73  5:23  Drone x2  
  74  5:29  Baneling Nest  
  74  5:31  Drone x5  
  78  5:39  Spire, Drone x3  
  80  5:43  Extractor, Drone x2  
  80  5:45  Extractor  
  80  5:47  Extractor  
  80  5:48  Drone  
  80  5:49  Drone  
  81  5:59  Drone  
  81  6:00  Overlord x3  
  81  6:06  Overlord x2  
  80  6:12  Overlord  
  80  6:17  Drone  
  80  6:18  Zergling x6, Drone  
  82  6:19  Zergling x4  
  87  6:28  Zergling x6  
  87  6:30  Drone x3  
  93  6:44  Hatchery  
  92  6:52  Zerg Flyer Weapons Level 1, Centrifical Hooks  
  92  6:53  Zerg Ground Armor Level 2, Zerg Melee Weapons Level 2  
  91  6:54  Overlord  
  91  7:00  Mutalisk x5  
  100  7:01  Mutalisk  
  102  7:12  Zergling x16  
  102  7:14  Hatchery  
  109  7:26  Zergling x2  
  109  7:27  Zergling x14  
  117  7:30  Zergling x4  
  117  7:32  Baneling x16  
  117  7:47  Baneling x2, Mutalisk x3  
  119  7:54  Zergling x14  
  119  7:57  Baneling  
  119  7:58  Baneling x5  
  125  8:02  Zergling x4  
  125  8:03  Zergling x2  
  123  8:15  Mutalisk x2  
  127  8:22  Overlord  
  127  8:24  Zergling x6  
  130  8:32  Hatchery  
  129  8:42  Infestation Pit  
  129  8:46  Mutalisk x5  
  139  8:48  Zergling x10  
  139  8:49  Zergling x10  
  148  8:58  Overseer x2  
  148  9:06  Drone x4  
  148  9:09  Zerg Flyer Weapons Level 2  
  152  9:12  Overlord x3  
  152  9:16  Overlord x2  
  152  9:19  Overlord  
  142  9:26  Drone x9  
  142  9:27  Hatchery  
  147  9:34  Hive  
  147  9:38  Mutalisk x4  
  147  9:44  Zergling x18  
  164  9:55  Baneling x9  
  164  9:56  Baneling x3  
  164  10:02  Zergling x18  
  164  10:05  Baneling x6  
  168  10:17  Zergling x22  
  168  10:19  Extractor  
  168  10:21  Extractor  
  172  10:36  Drone x3  
  172  10:37  Drone x3  
  172  10:40  Drone  
  179  10:46  Overlord  
  179  10:52  Baneling  
  179  10:53  Baneling x28  
  179  10:54  Baneling x2  
  179  11:00  Zergling x6  
  179  11:01  Zergling x38  
  197  11:09  Zergling x6  
  200  11:12  Baneling  
  200  11:13  Baneling x13  
  200  11:17  Zergling x2  
  198  11:32  Corruptor x4  
  129  11:40  Corruptor  
  129  11:41  Corruptor  
  129  11:43  Zergling x24  
  129  11:44  Zergling x6  
  133  11:49  Adrenal Glands  
  133  11:54  Zergling x12  
  135  12:07  Corruptor x3  
  131  12:09  Zergling x12  
  137  12:17  Zergling x2  
  137  12:18  Zergling x8  
  137  12:20  Queen  
  137  12:21  Baneling  
  137  12:22  Baneling x9  
  144  12:30  Corruptor, Baneling  
  144  12:31  Corruptor, Baneling x2  
  144  12:33  Zergling x2  
  144  12:35  Baneling x2  
  149  12:44  Baneling  
  149  12:45  Baneling x7  
  149  12:51  Ultralisk Cavern  
  148  12:52  Zergling x2  
  148  12:53  Zergling x16  
  157  13:07  Zergling x16  
  157  13:08  Zergling x16  
  172  13:15  Baneling x2  
  167  13:28  Drone x5  
  167  13:30  Baneling  
  171  13:34  Extractor  
  171  13:38  Zergling x2  
  171  13:39  Zergling x24  
  171  13:40  Chitinous Plating  
  181  13:42  Zerg Melee Weapons Level 3  
  181  13:44  Zerg Ground Armor Level 3  
  180  13:51  Overlord x2  
  180  13:54  Drone x3  
  180  13:55  Extractor  
  182  14:02  Zerg Flyer Armor Level 1  
  182  14:12  Baneling x3  
  182  14:13  Baneling x8  
  182  14:14  Baneling x2  
  182  14:15  Hatchery  
  181  14:17  Hatchery  
  181  14:23  Baneling x7  
  181  14:24  Baneling x5  
  119  14:46  Zergling x36  
  119  14:47  Zergling x6  
  119  14:50  Ultralisk  
  146  14:54  Ultralisk  
  152  15:10  Ultralisk x2  
  152  15:12  Ultralisk  
  170  15:18  Baneling x8  
  170  15:19  Baneling x5  
  170  15:25  Ultralisk  
  176  15:34  Corruptor x3  
  182  15:41  Zergling x10  
  187  15:58  Corruptor x3  
  187  15:59  Corruptor x3  
  199  16:08  Zergling x2  
  199  16:10  Baneling  
  199  16:11  Baneling x13  
  200  16:18  Baneling x7  
  200  16:19  Baneling  
  200  16:20  Overseer x2  
  200  16:28  Overseer  
  200  16:29  Overseer  
Show
View Real Time Build Order
Export as new Build Order

Miszu Terran 

Build Orders: MMM Bio 

Get SALT Encoding   

  12  0:01  SCV  
  13  0:13  SCV  
  14  0:17  Supply Depot  
  14  0:25  SCV  
  15  0:39  SCV  
  15  0:40  Barracks  
  16  0:45  Refinery  
  16  0:51  SCV  
  17  1:03  SCV  
  18  1:15  SCV  
  19  1:29  Marine, Orbital Command  
  20  1:37  Command Center  
  20  1:45  Supply Depot  
  20  1:47  Marine  
  21  1:55  SCV  
  22  2:03  Factory  
  22  2:07  SCV  
  23  2:17  Barracks Reactor  
  23  2:19  SCV  
  23  2:20  Refinery  
  24  2:31  SCV  
  25  2:43  SCV  
  26  2:49  Starport  
  26  2:52  Marine  
  26  2:53  Marine, Factory Tech Lab  
  26  2:55  Orbital Command  
  26  2:56  SCV  
  29  3:08  SCV  
  29  3:10  Marine x2  
  29  3:12  Widow Mine  
  34  3:20  SCV  
  34  3:21  SCV  
  34  3:25  Medivac  
  38  3:28  Marine x2  
  38  3:31  Supply Depot  
  38  3:32  SCV  
  41  3:34  SCV  
  41  3:41  Siege Tank  
  45  3:44  SCV  
  46  3:50  Command Center  
  46  3:53  SCV  
  47  4:06  Medivac  
  47  4:08  SCV  
  50  4:10  SCV  
  50  4:12  Supply Depot  
  51  4:17  Barracks  
  51  4:19  Barracks  
  51  4:22  Siege Tank  
  54  4:27  Refinery  
  54  4:30  Refinery  
  54  4:34  SCV x2  
  54  4:35  Supply Depot  
  56  4:46  SCV x2  
  58  4:55  Engineering Bay  
  58  4:56  Engineering Bay  
  58  4:58  SCV x2  
  61  5:07  Orbital Command  
  61  5:09  Barracks Tech Lab x2  
  61  5:10  SCV x2  
  62  5:18  Starport Reactor  
  62  5:20  Supply Depot  
  62  5:22  SCV x2  
  62  5:23  Terran Infantry Weapons Level 1, Terran Infantry Armor Level 1  
  62  5:25  Barracks  
  62  5:27  Barracks  
  62  5:29  Stimpack  
  62  5:33  Orbital Command  
  62  5:34  SCV  
  64  5:35  Supply Depot  
  64  5:36  SCV  
  64  5:44  Marine x2  
  66  5:54  SCV  
  67  5:57  Marine x2  
  67  6:00  SCV x2  
  67  6:03  Marine  
  72  6:06  SCV  
  73  6:12  SCV  
  73  6:13  SCV  
  73  6:14  Barracks Reactor  
  73  6:15  Barracks Reactor, Medivac x2, Factory Reactor  
  73  6:18  SCV  
  80  6:20  Marine x3, Armory  
  80  6:24  SCV  
  84  6:30  SCV  
  85  6:36  Marine  
  86  6:45  Marine x2, Marauder  
  90  6:48  Barracks, SCV  
  90  6:49  Barracks  
  90  6:50  Marine x2, Barracks  
  93  6:55  Marine x2  
  93  6:56  Marine, Widow Mine x2  
  100  7:02  Supply Depot x2  
  100  7:03  Supply Depot, SCV x3  
  103  7:09  Combat Shields  
  103  7:15  SCV x2  
  105  7:16  Marine x4  
  105  7:17  Marine x2, Medivac  
  105  7:18  Medivac  
  105  7:21  Terran Infantry Armor Level 2, Terran Infantry Weapons Level 2  
  105  7:22  SCV  
  116  7:24  Supply Depot  
  116  7:25  Supply Depot  
  116  7:27  Marine, SCV x2  
  116  7:29  Widow Mine x2  
  119  7:35  Marine x2  
  122  7:40  Marine  
  122  7:41  Marine  
  122  7:43  Marine  
  120  7:44  Marine x2  
  120  7:49  Liberator  
  120  7:50  Liberator  
  110  8:02  Marauder  
  112  8:08  SCV x2  
  112  8:09  SCV  
  112  8:11  Barracks Tech Lab x3  
  121  8:19  Missile Turret  
  121  8:20  SCV x2  
  121  8:21  SCV, Missile Turret  
  124  8:32  SCV x2  
  124  8:33  SCV  
  127  8:34  Supply Depot, Liberator x2  
  127  8:44  SCV x2  
  127  8:46  SCV  
  130  8:49  Marine x2, Marauder  
  130  8:52  Marine  
  141  8:56  Supply Depot, Marine x2, SCV x2  
  141  8:58  Supply Depot, SCV  
  141  9:01  Supply Depot  
  146  9:04  Supply Depot, Concussive Shells  
  146  9:06  Marine x2  
  146  9:07  Marine  
  149  9:13  Missile Turret  
  149  9:17  Liberator x2  
  149  9:18  Marine, SCV x3  
  150  9:29  Command Center  
  150  9:31  Marine, Marauder x2  
  155  9:35  Starport  
  161  9:43  Marauder  
  163  9:46  Marine  
  163  9:47  Marine, Marauder x2  
  163  9:48  Supply Depot  
  163  9:50  Supply Depot  
  168  9:55  Marine  
  168  9:56  Marine, Marauder  
  168  9:59  Marine  
  171  10:04  Marine x5  
  174  10:07  Marine  
  174  10:08  Marine  
  174  10:13  Marine  
  173  10:14  Marine  
  173  10:17  Marine x2  
  175  10:22  Marine x5  
  175  10:28  Marine, Command Center  
  180  10:33  SCV  
  180  10:34  Marine  
  182  10:35  SCV  
  182  10:41  Supply Depot  
  183  10:45  Marine  
  184  10:50  Marine  
  184  10:51  Marine  
  184  10:52  Marine  
  186  10:59  Command Center  
  181  11:05  Marine  
  179  11:13  Marine x10  
  179  11:16  SCV  
  179  11:17  SCV x2  
  188  11:23  Marine  
  117  11:41  Marine  
  117  11:42  Marine x9, Marauder  
  103  11:50  SCV  
  101  11:54  SCV x2  
  101  11:59  Marine  
  101  12:00  Marine x7, Marauder  
  82  12:08  SCV  
  82  12:11  SCV  
  82  12:12  SCV  
  82  12:14  Marine, Marauder  
  87  12:17  Marine  
  87  12:21  SCV  
  89  12:24  SCV x2  
  89  12:29  Marauder  
  93  12:33  SCV  
  93  12:36  SCV x2  
  96  12:45  SCV  
  96  12:46  Planetary Fortress  
  96  12:48  SCV x2  
  99  12:53  Marauder  
  99  12:57  SCV  
  102  13:00  SCV x2, Liberator  
  103  13:06  Marauder  
  103  13:09  SCV  
  103  13:12  SCV x2  
  105  13:17  Liberator x2  
  108  13:21  SCV  
  108  13:24  SCV x2  
  111  13:32  Widow Mine x2  
  111  13:33  SCV  
  116  13:36  SCV x2  
  112  13:45  SCV  
  107  13:48  SCV x2  
  107  13:55  Marauder  
  111  13:57  Marine x3, SCV  
  111  13:58  Marine x3  
  111  13:59  Marauder  
  111  14:00  Marauder, SCV x2  
  111  14:01  Marine  
  111  14:02  Marine  
  126  14:04  Liberator x2  
  126  14:09  Liberator, SCV  
  127  14:12  SCV  
  127  14:13  SCV  
  127  14:15  Marine x4, Widow Mine x2  
  127  14:17  Marauder  
  139  14:22  SCV  
  146  14:25  SCV  
  146  14:26  Marine  
  146  14:27  Marine x2  
  146  14:28  Marine  
  86  14:47  SCV x3, Liberator  
  86  14:52  SCV  
  90  14:59  SCV x3  
  93  15:04  SCV  
  97  15:09  Refinery  
  97  15:10  Marine, Liberator  
  97  15:11  Marine x2, Liberator, SCV x3  
  103  15:16  SCV  
  104  15:23  SCV x3  
  113  15:28  SCV  
  113  15:31  Marine  
  113  15:35  SCV  
  116  15:36  Refinery  
  116  15:37  Refinery x2, Marine  
  116  15:38  Marine x4  
  116  15:40  Marine  
  116  15:42  Marine  
  123  15:44  Marine  
  123  15:45  Widow Mine  
  123  15:47  Liberator  
  126  15:53  Liberator  
  126  16:01  SCV x4  
  132  16:04  Marauder  
  132  16:07  Marine  
  132  16:08  Marine  
  140  16:13  SCV  
  140  16:17  Widow Mine  
  146  16:19  Widow Mine  
  148  16:28  Marine  
  148  16:29  Marine x3, Marauder  
  148  16:32  SCV  
Tags
 
Add a new tag
Caveats
  • Supply blocks, unpowered buildings, or Contaminate may cause inaccurate times.
  • Supply counts are checked every 10 seconds.